 Dungeon Crawl Stone Soup version 0.22-a0-348-gd16d139 (webtiles) character file.

271 sankara the Chiller (level 6, -1/45 HPs)
             Began as a Ghoul Ice Elementalist on Apr 10, 2018.
             Slain by a bullfrog zombie (7 damage)
             ... on level 3 of the Dungeon.
             The game lasted 00:14:59 (4905 turns).

sankara the Chiller (Ghoul Ice Elementalist)        Turns: 4905, Time: 00:15:00

Health: -1/45      AC:  2    Str: 12    XL:     6   Next: 23%
Magic:  6/9        EV: 12    Int: 12    God:
Gold:   125        SH:  0    Dex:  9    Spells: 3/11 levels left

rFire    . . .     SeeInvis .   a - +0 dagger (speed)
rCold    + . .     Gourm    .   (no shield)
rNeg     + + +     Faith    .   d - +0 robe
rPois    ∞         Spirit   .   (no helmet)
rElec    .         Reflect  .   e - scarf {repulsion}
rCorr    .         Harm     .   (no gloves)
MR       +....                  (no boots)
Stlth    ++........             (no amulet)
HPRegen  0.00/turn              h - ring of protection from magic {MR+, !d}
MPRegen  0.11/turn              (no ring)

@: rotting, repel missiles
A: rotting body, claws 1, carnivore, cold resistance 1, negative energy
resistance 3, inhibited regeneration, torment resistance, unbreathing
a: no special abilities


You were on level 3 of the Dungeon.
You were not hungry.

You visited 1 branch of the dungeon, and saw 3 of its levels.

You collected 125 gold pieces.

Inventory:

Hand Weapons
 a - a +0 dagger of speed (weapon)
   (You found it on level 2 of the Dungeon)
Armour
 d - a +0 robe (worn)
 e - a scarf of repulsion (worn)
   (You found it on level 1 of the Dungeon)
Jewellery
 h - a ring of protection from magic (left claw) {MR+, !d}
   (You found it on level 2 of the Dungeon)
Wands
 s - a wand of random effects (8)
   (You took it off Ijyb on level 2 of the Dungeon)
Scrolls
 f - 3 scrolls of enchant weapon {unknown}
 g - 3 scrolls of remove curse {unknown}
 m - a scroll of fog {unknown}
 n - 2 scrolls of teleportation {unknown}
 q - a scroll of identify {unknown}
Potions
 b - 2 potions of cancellation {unknown}
 i - a potion of might {unknown}
 j - 2 potions of degeneration {unknown}
 k - a potion of heal wounds {unknown}
 l - 3 potions of mutation {unknown}
 o - 2 potions of agility {unknown}
 r - a potion of lignification {unknown}
Comestibles
 c - 4 rations


   Skills:
 - Level 2.0 Dodging
 - Level 2.5 Stealth
 + Level 3.2 Spellcasting
   Level 0.7 Conjurations
 + Level 1.7 Charms
 + Level 1.3 Summonings
 + Level 1.4 Translocations
 + Level 4.8 Ice Magic


You had 3 spell levels left.
You knew the following spells:

 Your Spells              Type           Power        Failure   Level  Hunger
a - Freeze                Ice            ##..         3%          1    #......
b - Blink                 Tloc           N/A          21%         2    ###....
c - Ozocubu's Armour      Chrm/Ice       #.......     19%         3    ###....
d - Call Imp              Summ           #.......     21%         2    ###....


Dungeon Overview and Level Annotations

Branches:
Dungeon (3/15)

Altars:


Innate Abilities, Weirdness & Mutations

Your body is rotting away.
You thrive on raw meat.
You are immune to poison.
You have sharp fingernails.
You are carnivorous and can eat meat at any time.
Your flesh is cold resistant. (rC+)
You are immune to negative energy. (rN+++)
You do not regenerate when monsters are visible.
You are immune to unholy pain and torment.
You can survive without breathing.


Message History

Magic restored.
All of the chunks of flesh in your inventory have rotted away.
HP restored.
You climb downwards.
There is a stone staircase leading up here.
You now have 125 gold pieces (gained 12).
l - 3 fuming black potions (gained 1) Key pressed, stopping explore.
Key pressed, stopping explore.
A crimson imp comes into view.
A kobold comes into view. It is wielding a dagger.
Casting: Freeze (safe; 3% risk of failure)
Confirm with . or Enter, or press ? or * to list all spells.
Okay, then.
The crimson imp lashes its tail.
The crimson imp hits you.
Casting: Freeze (safe; 3% risk of failure)
Confirm with . or Enter, or press ? or * to list all spells.
Aiming: Freeze (safe; 3% risk of failure)
Press: ? - help, Shift-Dir - straight line, f - crimson imp
Aim: a crimson imp You freeze the crimson imp.
The crimson imp is frozen!
The crimson imp is moderately wounded.
The crimson imp blinks!
Casting: Freeze (safe; 3% risk of failure)
Confirm with . or Enter, or press ? or * to list all spells.
Aiming: Freeze (safe; 3% risk of failure)
Press: ? - help, Shift-Dir - straight line, f/p - crimson imp
Aim: a crimson imp (lightly wounded)
You freeze the crimson imp.
The crimson imp is frozen!
The crimson imp is almost dead.
The crimson imp hits you.
Casting: Freeze (safe; 3% risk of failure)
Confirm with . or Enter, or press ? or * to list all spells.
Aiming: Freeze (safe; 3% risk of failure)
Press: ? - help, Shift-Dir - straight line, f/p - crimson imp
Aim: a crimson imp (severely wounded)
You freeze the crimson imp.
The crimson imp is frozen!
You kill the crimson imp!
The kobold throws a stone.
The stone misses you.
You see here a stone.
Casting: Freeze (safe; 3% risk of failure)
Confirm with . or Enter, or press ? or * to list all spells.
A beastly little devil appears in a puff of flame.
You hit the bullfrog zombie.
The bullfrog zombie is moderately damaged.
The bullfrog zombie hits you.
You closely miss the bullfrog zombie.
The bullfrog zombie is moderately damaged.
Your crimson imp hits the bullfrog zombie.
The bullfrog zombie barely misses you.
You hit the bullfrog zombie.
The bullfrog zombie is heavily damaged.
The bullfrog zombie hits you!
Your crimson imp barely misses the bullfrog zombie.
You hit the bullfrog zombie.
The bullfrog zombie is heavily damaged.
The bullfrog zombie hits you.
You hit the bullfrog zombie.
The bullfrog zombie is heavily damaged.
Your crimson imp blinks!
Your crimson imp blinks!
The bullfrog zombie closely misses you.
Your crimson imp blinks!
You hit the bullfrog zombie.
The bullfrog zombie is severely damaged.
The bullfrog zombie barely misses you.
You hit the bullfrog zombie but do no damage.
The bullfrog zombie is severely damaged.
The bullfrog zombie hits you.
You hit the bullfrog zombie.
The bullfrog zombie is severely damaged.
The bullfrog zombie barely misses you.
You hit the bullfrog zombie.
The bullfrog zombie is severely damaged.
The kobold closely misses you. The bullfrog zombie hits you.
Casting: Call Imp (safe; 22% risk of failure)
Confirm with . or Enter, or press ? or * to list all spells.
Aiming: Freeze (safe; 3% risk of failure)
Press: ? - help, Shift-Dir - straight line, f - kobold
Aim: a kobold, wielding a dagger You freeze the kobold.
You kill the kobold!
The bullfrog zombie hits you.
You barely miss the bullfrog zombie.
The bullfrog zombie is severely damaged.
The bullfrog zombie misses you.
You hit the bullfrog zombie.
The bullfrog zombie is almost destroyed.
Your crimson imp hits the bullfrog zombie.
The bullfrog zombie hits you.
* * * LOW HITPOINT WARNING * * *
Your crimson imp barely misses the bullfrog zombie.
The bullfrog zombie hits you.
* * * LOW HITPOINT WARNING * * *
Your crimson imp blinks!
The bullfrog zombie hits you.
* * * LOW HITPOINT WARNING * * *
The bullfrog zombie hits you!
You die...

#.# #.# #.# #.#
#.# #.# #.######
#####
#.##.#.#######.#.#
#@#.###.#..##..#..
#Z##..#..#.##.#...
#.###....).#......
#.......5..(......
##################
#. #. #. #.# #.#
#. #.# #.# #.


You could see a bullfrog zombie.

Vanquished Creatures
  A crimson imp (D:3)
  An orc priest (D:3)
  Ijyb (D:2)
  Terence (D:2)
  3 orc wizards (D:3)
  2 adders
  A worm (D:3)
  2 dart slugs
  2 leopard geckos
  7 orcs (D:3)
  5 bats
  2 giant cockroaches
  4 goblins
  4 hobgoblins
  6 jackals
  A quokka (D:3)
  3 frilled lizards
  A kobold (D:3)
  3 rats
  A plant (D:1)
51 creatures vanquished.

Vanquished Creatures (collateral kills)
  An orc (D:2)
1 creature vanquished.

Grand Total: 52 creatures vanquished

Notes
Turn   | Place    | Note
-------+----------+-------------------------------------------
     0 | D:1      | sankara the Ghoul Ice Elementalist began the quest for the Orb.
     0 | D:1      | Reached XP level 1. HP: 14/14 MP: 2/2
    87 | D:1      | HP: 3/14 [hobgoblin/club (4)]
   591 | D:1      | Reached XP level 2. HP: 17/20 MP: 0/3
   698 | D:1      | Reached skill level 2 in Dodging
   880 | D:1      | Reached skill level 2 in Spellcasting
  1437 | D:2      | Noticed Terence
  1446 | D:2      | Killed Terence
  1446 | D:2      | Reached skill level 4 in Ice Magic
  1446 | D:2      | Reached XP level 3. HP: 26/26 MP: 0/5
  1677 | D:2      | Found a faded altar of an unknown god.
  1838 | D:2      | Learned a level 3 spell: Ozocubu's Armour
  2047 | D:2      | HP: 2/26 [worm (11)]
  2694 | D:3      | Reached XP level 4. HP: 33/33 MP: 6/6
  3158 | D:3      | Learned a level 2 spell: Blink
  3161 | D:3      | Learned a level 2 spell: Call Imp
  3344 | D:3      | HP: 8/33 [bullfrog zombie (2)]
  3356 | D:3      | HP: 6/33 [bullfrog zombie (2)]
  3356 | D:3      | HP: 2/33 [bullfrog zombie (4)]
  3729 | D:3      | Reached skill level 1 in Charms
  3729 | D:3      | Reached XP level 5. HP: 34/38 MP: 3/8
  3740 | D:3      | Reached skill level 3 in Spellcasting
  4043 | D:2      | Reached skill level 1 in Translocations
  4328 | D:3      | Reached skill level 1 in Summonings
  4506 | D:3      | Noticed Ijyb
  4598 | D:2      | Killed Ijyb
  4598 | D:2      | Reached XP level 6. HP: 22/45 MP: 0/9
  4899 | D:3      | HP: 11/45 [bullfrog zombie (2)]
  4905 | D:3      | Slain by a bullfrog zombie

Vault maps used:
D:1:      minmay_arrival_nine_rooms, serial_forest, infiniplex_forest_end_3,
          infiniplex_forest_clump_small, infiniplex_forest_join,
          infiniplex_forest_fountain, infiniplex_forest_clump_tiny,
          infiniplex_forest_straight_2, infiniplex_forest_clump_curved,
          corexii_leaking_fountain, fountainhead
D:2:      chequers_ecumenical_altar_simple, kennysheep_pointless_box,
          uniq_terence
D:3:      serial_co_window_serial, co_window_of_opportunity_a,
          co_window_corner_a, co_window_cross_1, co_window_paths_a,
          co_window_corner_a, co_window_unsneaky_path_d, co_window_broadway_a,
          co_window_unsneaky_path_b, co_window_paths_c, co_window_corner_b,
          co_window_4corner_b, glass_columns_b, glass_columns_a,
          glass_columns_a, first_ration, minmay_misc_feat_rugged, uniq_ijyb

Skill      XL: |  1  2  3  4  5 |
---------------+----------------+-----
Dodging        | 2 |  2.0
Spellcasting   | 2 3 |  3.2
Ice Magic      | 4 |  4.8
Charms         | 1 |  1.7
Translocations | 1 |  1.4
Summonings     | 1 |  1.3
Stealth        | |  2.5
Conjurations   | |  0.7

Action                   |  1- 3 |  4- 6 || total
-------------------------+-------+-------++-------
Melee: Unarmed           |   116 |       ||   116
       Dagger            |    28 |    58 ||    86
 Cast: Freeze            |    38 |    79 ||   117
       Ozocubu's Armour  |     1 |     1 ||     2
       Call Imp          |       |     7 ||     7
       Blink             |       |     3 ||     3
 Stab: Sleeping          |     7 |     2 ||     9
       Distracted        |       |     1 ||     1
  Eat: Chunk             |     7 |    10 ||    17
Armor: Robe              |    13 |    10 ||    23
Dodge: Dodged            |    47 |    65 ||   112
       Deflected         |       |     2 ||     2

Table legend:
 A = Spawn XP
 B = Non-spawn XP
 C = Spawn XP percentage of total XP
 D = Spawn monster count
 E = Non-spawn monster count
 F = Spawn count percentage of total count
 G = Total turns spent on level
                    A         B        C        D         E        F      G
               +---------+---------+-------+---------+---------+-------+---------
         Total |       0 |     388 |   0.0 |       0 |      51 |   0.0 |  4905
               +---------+---------+-------+---------+---------+-------+---------
           D:1 |       0 |      21 |   0.0 |       0 |      11 |   0.0 |  1486
           D:2 |       0 |      96 |   0.0 |       0 |      10 |   0.0 |  2325
           D:3 |       0 |     271 |   0.0 |       0 |      30 |   0.0 |  1094
               +---------+---------+-------+---------+---------+-------+---------

Vault maps used:
D:1:      minmay_arrival_nine_rooms, serial_forest, infiniplex_forest_end_3,
          infiniplex_forest_clump_small, infiniplex_forest_join,
          infiniplex_forest_fountain, infiniplex_forest_clump_tiny,
          infiniplex_forest_straight_2, infiniplex_forest_clump_curved,
          corexii_leaking_fountain, fountainhead
D:2:      chequers_ecumenical_altar_simple, kennysheep_pointless_box,
          uniq_terence
D:3:      serial_co_window_serial, co_window_of_opportunity_a,
          co_window_corner_a, co_window_cross_1, co_window_paths_a,
          co_window_corner_a, co_window_unsneaky_path_d, co_window_broadway_a,
          co_window_unsneaky_path_b, co_window_paths_c, co_window_corner_b,
          co_window_4corner_b, glass_columns_b, glass_columns_a,
          glass_columns_a, first_ration, minmay_misc_feat_rugged, uniq_ijyb

Table legend:
 A = Turns spent in this place as a percentage of turns spent in the entire game.
 B = Non-inter-level travel turns spent in this place as a percentage of non-inter-level travel turns spent in the entire game.
 C = Inter-level travel turns spent in this place as a percentage of turns spent in this place.
 D = Turns resting spent in this place as a percentage of non-inter-level travel turns spent in this place.
 E = Turns spent auto-exploring this place as a percentage of non-inter-level travel turns spent in this place.
 F = Non-inter-level travel turns spent in this place divided by the number of levels of this place that you've seen.
                   A       B       C       D       E      F
               +-------+-------+-------+-------+-------+----------------------
         Total | 100.0 | 100.0 |   4.1 |  43.2 |  33.2 | 1568.0
       Dungeon | 100.0 | 100.0 |   4.1 |  43.2 |  33.2 | 1568.0
               +-------+-------+-------+-------+-------+----------------------

Table legend:
 A = Kills in this place as a percentage of kills in entire the game.
 B = Kills by you in this place as a percentage of kills by you in the entire game.
 C = Kills by friends in this place as a percentage of kills by friends in the entire game.
 D = Other kills in this place as a percentage of other kills in the entire game.
 E = Experience gained in this place as a percentage of experience gained in the entire game.
 F = Experience gained in this place divided by the number of levels of this place that you have seen.
                   A       B       C       D       E      F
               +-------+-------+-------+-------+-------+----------------------
         Total | 100.0 | 100.0 | 100.0 |   N/A | 100.0 | 129.3
       Dungeon | 100.0 | 100.0 | 100.0 |   N/A | 100.0 | 129.3
               +-------+-------+-------+-------+-------+----------------------
